 Dungeon Crawl Stone Soup version 0.22.1-1-ga44c0e5 (webtiles) character file.

3887 tifemel the Cleaver (level 10, -2/135 HPs)
             Began as a Minotaur Berserker on Sept 26, 2018.
             Was a High Priest of Trog.
             Slain by a wolf spider simulacrum (9 damage)
             ... on level 7 of the Dungeon.
             The game lasted 00:21:25 (6461 turns).

tifemel the Cleaver (Minotaur Berserker)            Turns: 6461, Time: 00:21:26

Health: -2/135     AC: 13    Str: 29    XL:     10   Next: 0%
Magic:  9/9        EV: 11    Int:  4    God:    Trog [*****.]
Gold:   472        SH:  0    Dex: 11    Spells: 9/9 levels left

rFire    x . .     SeeInvis .   i - +0 war axe
rCold    + + .     Gourm    .   (no shield)
rNeg     . . .     Faith    .   h - +0 ice dragon scales
rPois    .         Spirit   .   (helmet restricted)
rElec    .         Reflect  .   L - +0 cloak
rCorr    .         Harm     .   (no gloves)
MR       .....                  (no boots)
Stlth    ..........             (no amulet)
HPRegen  0.32/turn              (no ring)
MPRegen  0.11/turn              (no ring)

@: berserking, very quick
A: retaliatory headbutt, horns 2
a: Berserk, Trog's Hand, Brothers in Arms, Renounce Religion


You were on level 7 of the Dungeon.
You worshipped Trog.
Trog was extremely pleased with you.
You were very hungry.

You visited 1 branch of the dungeon, and saw 8 of its levels.
You also visited: Ossuary.

You collected 472 gold pieces.

Inventory:

Hand Weapons
 i - a +0 war axe (weapon)
 q - a cursed -3 hunting sling
Missiles
 k - 117 arrows
Armour
 h - +0 ice dragon scales (worn)
 L - a +0 cloak (worn)
Magical Staves
 F - an uncursed staff of energy {unknown}
Jewellery
 b - a +3 ring of intelligence {unknown}
 p - a cursed ring of teleportation {unknown}
 y - a cursed -2 ring of strength {unknown}
 A - a +5 ring of dexterity {unknown}
 E - an uncursed ring of see invisible {unknown}
 M - an uncursed ring of ice {unknown}
Wands
 u - a wand of random effects (18)
 z - a wand of flame (30)
Scrolls
 a - 2 scrolls of fear {unknown}
 d - 3 scrolls of fog {unknown}
 f - 6 scrolls of teleportation {unknown}
 j - 6 scrolls of remove curse {unknown}
 r - 4 scrolls of noise {unknown}
 s - 2 scrolls of enchant weapon {unknown}
 t - a scroll of immolation {unknown}
 w - 9 scrolls of identify {unknown}
 C - 3 scrolls of amnesia {unknown}
 D - a scroll of magic mapping {unknown}
 J - a scroll of enchant armour {unknown}
Potions
 e - a potion of flight {unknown}
 g - 2 potions of lignification {unknown}
 l - 5 potions of mutation {unknown}
 m - 2 potions of brilliance {unknown}
 n - 4 potions of heal wounds {unknown}
 o - 2 potions of magic {unknown}
 v - 6 potions of curing {unknown}
 x - 2 potions of degeneration {unknown}
 B - 3 potions of haste {unknown}
 G - a potion of ambrosia {unknown}
 H - a potion of invisibility {unknown}
 I - a potion of might {unknown}
 N - 2 potions of resistance
Comestibles
 c - 11 rations
 K - 2 chunks of flesh


   Skills:
 + Level 8.5 Fighting
 + Level 13.0 Axes
 + Level 8.7 Armour
 - Level 2.1 Dodging
 - Level 0.1 Stealth


You had 9 spell levels left.
You didn't know any spells.
Your spell library was empty.

Dungeon Overview and Level Annotations

Branches:
Dungeon (8/15)             Temple (0/1) D:5
   Lair: D:8-11

Altars:
Fedhas
Gozag
Hepliaklqana
Kikubaaqudgha
Qazlal
Uskayaw
Vehumet
Xom

Annotations:
D:6 3 runed doors, MalarOregon's ghost, novice MiGl; Starchild's ghost, amateur TeNe; kalagan's ghost, novice DEFE; nicolaieve's ghost, novice MiBe; skk's ghost, novice TeGl
D:7 1 transporter


Innate Abilities, Weirdness & Mutations

You reflexively headbutt those who attack you in melee.
You have a pair of horns on your head.


Message History

The hornet simulacrum hits you! The hornet simulacrum freezes you. You resist.
The wolf spider simulacrum hits you. The wolf spider simulacrum freezes you!
You resist.
The wolf spider simulacrum bites you but does no damage.
The hornet simulacrum hits you!
* * * LOW HITPOINT WARNING * * *
The hornet simulacrum freezes you. You resist.
* * * LOW HITPOINT WARNING * * *
The ice beast hits you but does no damage.
A red film seems to cover your vision as you go berserk!
You feel yourself moving faster!
You feel mighty!
You are feeling very hungry.
The wolf spider simulacrum hits you.
* * * LOW HITPOINT WARNING * * *
The wolf spider simulacrum freezes you! You resist.
* * * LOW HITPOINT WARNING * * *
The wolf spider simulacrum bites you!
* * * LOW HITPOINT WARNING * * *
The wolf spider simulacrum freezes you! You resist.
You die...

###########........[#
#§§§)©[§§§#.........#
#§§§$![§§§#.........#
#.§§§§§§§§#.........#
#.§§§§§§§§#.....†...#
§.§§§§. #....#'####
###§ZY####....#...#
#§§ZZY§§#.....#...#
#§§#@#T§#.....#...# ..
#§§...§§#.....#...# .r.
##+### #§§#©#§§#.....##..#
...##....#
#§§§§§§§#.######..#
.......#
#§§§§§§§#.#.......# ......
#########.+.......# #...# #
#.©.....#'#######
#...###.##.......##..###..#
#..>.............+........#


You could see 2 ice beasts, a hornet simulacrum, a wolf spider simulacrum, a
centaur warrior simulacrum and a friendly troll (berserk).

Vanquished Creatures
  Pikel (D:4)
  The ghost of Ymberto the Skirmisher, an amateur HuHu (D:4)
  Prince Ribbit (D:5)
  The ghost of Autsider the Magician, an amateur GnWz (D:4)
  Eustachio (D:4)
  The ghost of zapotec the Skirmisher, an amateur BaFi of the Shining One (D:4)
  3 sky beasts
  A phantom (D:5)
  An ogre (D:5)
  A big kobold (D:6)
  Blork the orc (D:4)
  3 bullfrogs
  2 wyvern zombies (Ossuary)
  A gnoll sergeant (D:6)
  A scorpion (D:6)
  2 howler monkeys
  6 bullfrog zombies
  3 centaur zombies (Ossuary)
  5 crimson imps
  An orc priest (D:5)
  A hound (D:5)
  A bullfrog skeleton (D:4)
  14 mummies (Ossuary)
  5 worker ants
  Natasha (thrice) (D:2)
  4 orc wizards
  A killer bee zombie (Ossuary)
  3 hound zombies (Ossuary)
  A hound skeleton (D:4)
  A worker ant zombie (Ossuary)
  Robin (D:2)
  A howler monkey skeleton (D:7)
  7 adders
  9 gnolls (D:6)
  2 adder zombies (Ossuary)
  2 adder skeletons
  A dart slug (D:2)
  3 leopard geckos
  16 orcs
  A ball python (D:4)
  6 giant cockroaches
  12 goblins
  10 hobgoblins
  20 jackals
  3 quokkas
  A ball python skeleton (D:6)
  8 bats
  6 frilled lizards
  A jackal zombie (Ossuary)
  13 kobolds
  A leopard gecko zombie (Ossuary)
  3 quokka zombies (Ossuary)
  7 rats
205 creatures vanquished.

Vanquished Creatures (others)
  A slave (D:4)
  An adder (D:4)
  An orc (D:4)
  A quokka skeleton (D:4)
4 creatures vanquished.

Grand Total: 209 creatures vanquished

Notes
Turn   | Place    | Note
-------+----------+-------------------------------------------
     0 | D:1      | tifemel the Minotaur Berserker began the quest for the Orb.
     0 | D:1      | Reached XP level 1. HP: 19/19 MP: 0/0
    39 | D:1      | Reached skill level 4 in Axes
    39 | D:1      | Reached XP level 2. HP: 26/27 MP: 1/1
   644 | D:2      | Found a stormy altar of Qazlal.
   671 | D:2      | Noticed Robin
   675 | D:2      | Noticed Natasha
   681 | D:2      | Killed Natasha
   681 | D:2      | Reached XP level 3. HP: 25/34 MP: 2/2
   682 | D:2      | Reached ** piety under Trog
   689 | D:2      | Killed Robin
   689 | D:2      | Reached XP level 4. HP: 38/41 MP: 3/3
   945 | D:2      | Noticed Natasha
   950 | D:2      | Killed Natasha
   950 | D:2      | Reached skill level 5 in Fighting
   950 | D:2      | Reached skill level 5 in Axes
  1474 | D:2      | Noticed a dagger
  1475 | D:2      | Noticed a dagger
  1477 | D:2      | Found a hide-covered altar of Uskayaw.
  1504 | D:2      | Noticed Natasha
  1510 | D:2      | Killed Natasha
  1510 | D:2      | Reached XP level 5. HP: 40/48 MP: 4/4
  1694 | D:3      | Found an ancient bone altar of Kikubaaqudgha.
  1751 | D:3      | Found an opulent altar of Gozag.
  1841 | D:3      | Found a radiant altar of Vehumet.
  1843 | D:3      | Reached *** piety under Trog
  2193 | D:4      | Noticed a slave
  2194 | D:4      | Noticed a slave
  2196 | D:4      | Noticed a slave
  2196 | D:4      | Noticed Pikel
  2198 | D:4      | Noticed a slave
  2201 | D:4      | Noticed Blork the orc
  2211 | D:4      | Killed Pikel
  2211 | D:4      | Reached skill level 7 in Axes
  2211 | D:4      | Reached XP level 6. HP: 53/57 MP: 5/5
  2211 | D:4      | Reached XP level 7. HP: 59/63 MP: 6/6
  2228 | D:4      | Killed Blork the orc
  2228 | D:4      | Reached skill level 8 in Axes
  2228 | D:4      | Reached skill level 5 in Armour
  2875 | D:4      | Noticed Eustachio
  2895 | D:4      | Killed Eustachio
  3018 | D:4      | Found a shimmering altar of Xom.
  3147 | D:4      | Found a runed gate.
  3147 | D:4      | Found a runed gate.
  3149 | D:4      | Found a runed gate.
  3150 | D:4      | Noticed Autsider's ghost (amateur GnWz)
  3150 | D:4      | Noticed zapotec's ghost (amateur BaFi)
  3151 | D:4      | Noticed Ymberto's ghost (amateur HuHu)
  3165 | D:4      | Killed Autsider's ghost
  3165 | D:4      | Reached skill level 9 in Axes
  3165 | D:4      | Reached XP level 8. HP: 71/71 MP: 7/7
  3172 | D:4      | Killed Ymberto's ghost
  3172 | D:4      | Killed zapotec's ghost
  3172 | D:4      | Reached **** piety under Trog
  3172 | D:4      | Reached skill level 10 in Axes
  3599 | D:5      | Entered Level 5 of the Dungeon
  3846 | D:5      | Reached XP level 9. HP: 28/79 MP: 8/8
  4271 | D:5      | Found a staircase to the Ecumenical Temple.
  4322 | D:5      | Noticed Prince Ribbit
  4555 | D:5      | Killed Prince Ribbit
  4555 | D:5      | Reached skill level 11 in Axes
  4745 | D:6      | You fall through a shaft for 2 floors!
  4782 | D:7      | Found a blossoming altar of Fedhas.
  4851 | D:6      | Found a runed gate.
  4852 | D:6      | Found a runed gate.
  4853 | D:6      | Found a runed gate.
  4854 | D:6      | Noticed kalagan's ghost (novice DEFE)
  4854 | D:6      | Noticed MalarOregon's ghost (novice MiGl)
  4854 | D:6      | Noticed skk's ghost (novice TeGl)
  4854 | D:6      | Noticed nicolaieve's ghost (novice MiBe)
  4855 | D:6      | Noticed Starchild's ghost (amateur TeNe)
  5065 | D:6      | Found a hazy altar of Hepliaklqana.
  5115 | D:6      | Found a sand-covered staircase.
  5122 | Ossuary  | Entered an ossuary
  5133 | Ossuary  | Reached ***** piety under Trog
  5255 | Ossuary  | Reached skill level 12 in Axes
  6397 | D:7      | Reached XP level 10. HP: 83/90 MP: 9/9
  6411 | D:7      | Reached skill level 13 in Axes
  6433 | D:7      | Found a transporter.
  6456 | D:7      | Found a transporter.
  6461 | D:7      | Slain by a wolf spider simulacrum

Skill      XL: |  1  2  3  4  5  6  7  8  9 10 |
---------------+-------------------------------+-----
Axes           | 4 5 7 9 10 12 13 | 13.0
Fighting       | 4 5 6 7 8 |  8.5
Armour         | 3 4 6 7 8 |  8.7
Dodging        | |  2.1
Stealth        | |  0.1

Action                   |  1- 3 |  4- 6 |  7- 9 | 10-12 || total
-------------------------+-------+-------+-------+-------++-------
Melee: Hand axe          |    57 |    10 |       |       ||    67
       Headbutt          |     7 |    12 |    77 |       ||    96
       War axe           |       |    73 |   395 |     4 ||   472
Invok: Berserk           |     1 |       |     2 |     1 ||     4
       Brothers in Arms  |       |       |       |     1 ||     1
  Eat: Chunk             |       |     5 |     9 |       ||    14
       Ration            |       |       |     2 |       ||     2
Armor: Ice dragon scales |     9 |    38 |   176 |     5 ||   228
       Animal skin       |     2 |       |       |       ||     2
Dodge: Dodged            |    42 |    38 |   160 |     4 ||   244
